 Dungeon Crawl Stone Soup version 0.28-a0-561-gc72452776e (webtiles) character file.

Game seed: 8314316251267141212

32 Conn the Firebug (level 3, 0/21 HPs)
             Began as an Octopode Fire Elementalist on Sept 29, 2021.
             Slain by Sigmund (10 damage)
             ... on level 2 of the Dungeon.
             The game lasted 00:05:10 (1726 turns).

Conn the Firebug (Octopode Fire Elementalist)       Turns: 1726, Time: 00:05:10

Health: 0/21       AC:  1    Str:  7    XL:     3   Next: 27%
Magic:  1/6        EV: 13    Int: 18    God:
Gold:   91         SH:  0    Dex: 12    Spells: 2/6 levels left

rFire   . . .      SeeInvis .   h - +1 dagger (venom)
rCold   . . .      Faith    .   (no shield)
rNeg    . . .      Spirit   .   (helmet restricted)
rPois   .          Reflect  .   f - amulet of the acrobat
rElec   .          Harm     .   (no ring)
rCorr   .          Rampage  .   (no ring)
Will    .....                   (no ring)
Stlth   +++.......              (no ring)
HPRegen 0.07/turn               (no ring)
MPRegen 0.10/turn               (no ring)
                                (no ring)
                                (no ring)

@: on berserk cooldown, attractive, slowed, very slow
A: almost no armour, amphibious, 8 rings, camouflage 1, gelatinous body 1,
(nimble swimmer 1), tentacles
a: no special abilities


You were on level 2 of the Dungeon.
You visited 1 branch of the dungeon, and saw 2 of its levels.

You collected 91 gold pieces.

Inventory:

Hand Weapons
 c - a +0 dagger
 h - a +1 dagger of venom (weapon)
Jewellery
 f - an amulet of the acrobat (around mantle)
Scrolls
 i - a scroll of identify
 j - a scroll of amnesia
Potions
 a - 2 potions of flight


   Skills:
 + Level 2.1 Dodging
 + Level 2.9 Stealth
 + Level 2.4 Spellcasting
 + Level 1.6 Conjurations
 + Level 3.5 Fire Magic


You had 2 spell levels left.
You knew the following spells:

 Your Spells              Type           Power      Damage    Failure   Level
a - Foxfire               Conj/Fire      44%        2x1d6     6%          1
b - Conjure Flame         Conj/Fire      11%        6-21      19%         3

Your spell library contained the following spells:

 Spells                   Type           Power      Damage    Failure   Level
 Scorch                   Fire           28%        2d6       6%          2
 Inner Flame              Hex/Fire       8%         N/A       26%         3
 Flame Wave               Conj/Fire      11%        3d4       52%         4


Dungeon Overview and Level Annotations

Branches:
Dungeon (2/15)

Altars:

Annotations:
D:2 Sigmund, Terence


Innate Abilities, Weirdness & Mutations

You cannot wear most types of armour.
You are amphibious.
You can wear up to eight rings at the same time.
Your skin changes colour to match your surroundings (Stealth+).
Your rubbery body absorbs attacks. (AC +1, EV +1)
((You are camouflaged near water. (Stealth+)))
You have tentacles for arms and can constrict up to eight enemies at once.


Message History

You feel your anger nearly subside.
You are no longer berserk.
You are exhausted.
You feel yourself slow down. Something hits you but does no damage.
Casting: Foxfire (safe; 6% risk of failure)
Confirm with . or Enter, or press ? or * to list all spells.
You conjure some foxfire!
Something hits you but does no damage.
Unknown command.
The foxfire hits something but does no damage.
The foxfire hits something.
Something completely misses you.
Casting: Foxfire (safe; 6% risk of failure)
Confirm with . or Enter, or press ? or * to list all spells.
You conjure some foxfire!
Something hits you but does no damage.
Unknown command.
The foxfire hits something. x2; Something hits you but does no damage.
It was a potion of curing.
You feel better. Something hits you.
It was a potion of attraction.
You feel attractive to monsters. Something hits you but does no damage.
Something is attracted toward you.
You cannot move.
You cannot move.
You cannot move.
You cannot move.
You cannot move.
You hit something but do no damage.
Your transformation is almost over.
Something hits you!
You swing at nothing.
Something hits you.
You miss something. Something hits you but does no damage.
You barely miss something.
Sigmund appears from thin air!
Reactivating autopickup.
Sigmund casts a spell.
Sigmund flickers and vanishes!
Deactivating autopickup; reactivate with Ctrl-A.
You miss something. Something hits you but does no damage.
You closely miss something. Something hits you but does no damage.
You hit something.
You feel less wooden. Something hits you!
You die...

#..##
##.........
###.#
#####.....
##..## #P
#..##. ###†.##
.P######
#...## #. #
#.###
##.######
#####.######
#P.P.##..
#........{.#
#..#..#
#.......@#.#
#...##
#........#.#
###..##
#........#{.#
#...##
###########.#
#...#### .#
###..... .#
#####. .# #.
...###########
..............


There were no monsters in sight!

Vanquished Creatures
  An adder (D:2)
  3 endoplasms (D:1)
  4 goblins
  2 hobgoblins
  A kobold (D:2)
  A quokka (D:1)
  5 ball pythons
  2 bats (D:1)
  2 frilled lizards (D:1)
  2 rats (D:1)
23 creatures vanquished.

Vanquished Creatures (others)
  75 foxfires
75 creatures vanquished.

Grand Total: 98 creatures vanquished

Notes
Turn   | Place    | Note
-------+----------+-------------------------------------------
     0 | D:1      | Conn the Octopode Fire Elementalist began the quest for the
                  | Orb.
     0 | D:1      | Reached XP level 1. HP: 11/11 MP: 3/3
   309 | D:1      | Reached XP level 2. HP: 17/17 MP: 3/5
  1118 | D:2      | Reached XP level 3. HP: 17/21 MP: 2/6
  1300 | D:2      | Noticed Sigmund
  1306 | D:2      | Learned a level 3 spell: Conjure Flame
  1405 | D:2      | Noticed Terence
  1726 | D:2      | Slain by Sigmund

Illustrated notes

Levels and vault maps discovered:
D:1:      nicolae_arrival_memento_mori, layout_basic, chequers_mini_garden,
          serial_bayou_ford_a, minmay_domino_4
D:2:      layout_rooms, dreamdust_ecumenical_altar_hidden_monk_grotto,
          uniq_sigmund, uniq_terence

Action                   || total
-------------------------++-------
Melee: Dagger            ||    14
       Unarmed           ||     1
       Constrict         ||     2
 Cast: Foxfire           ||    44
       Conjure Flame     ||     1
  Use: Potion            ||     5
       Scroll            ||     1
 Stab: Sleeping          ||     1
Armor: Skin              ||    10
Dodge: Dodged            ||    13

Table legend: (Time is in decaauts)
 A = Elapsed time spent in this place.
 B = Non-inter-level travel time spent in this place.
 C = Inter-level travel time spent in this place.
 D = Time resting spent in this place.
 E = Time spent auto-exploring this place.
 F = Levels seen in this place.
 G = Mean time per level.
                   A        B        C        D        E       F      G
               +--------+--------+--------+--------+--------+-----+--------+
         Total |   1729 |   1699 |     30 |    180 |   1201 |   2 |  864.5 |
       Dungeon |   1729 |   1699 |     30 |    180 |   1201 |   2 |  864.5 |
               +--------+--------+--------+--------+--------+-----+--------+

Top non-repeatable levels by time:
     D:1: 1068 daAuts
     D:2: 660 daAuts
